Map: Orbital Shipyard

Players

dodupyzaur

  • Race: Terran Terran
  • League: Platinum

azelub - Winner!

  • Race: Protoss Protoss

VOD

Have the link to the VOD?

Description

Time

  • Played on: March 3, 2016, 12:26 p.m.
  • Length: 10:19
Show
View Real Time Build Order
Export as new Build Order

dodupyzaur Terran 

Build Orders: MMM Bio 

Get SALT Encoding   

  12  0:01  SCV  
  13  0:13  SCV  
  14  0:18  Supply Depot  
  14  0:28  SCV  
  15  0:40  SCV  
  15  0:41  Barracks  
  16  0:53  SCV  
  17  1:05  SCV  
  17  1:09  Refinery  
  18  1:23  SCV  
  19  1:42  Orbital Command  
  19  1:46  Supply Depot, Barracks Tech Lab  
  19  1:55  Command Center  
  19  2:07  Marauder  
  21  2:10  SCV  
  22  2:22  SCV  
  23  2:38  Barracks  
  23  2:42  Stimpack  
  23  2:45  Barracks  
  23  2:50  Marauder  
  25  2:52  SCV  
  26  3:04  SCV  
  27  3:11  Command Center  
  27  3:13  Orbital Command  
  27  3:20  Orbital Command  
  27  3:22  Engineering Bay  
  27  3:27  Marine  
  27  3:34  SCV  
  29  3:36  Marine  
  30  3:45  SCV  
  30  3:46  SCV  
  32  3:49  Marine  
  33  3:57  SCV  
  33  3:58  SCV  
  33  4:01  Missile Turret  
  35  4:09  Barracks Tech Lab, Barracks Reactor  
  36  4:10  SCV x2  
  36  4:15  Marine  
  37  4:22  SCV  
  38  4:30  SCV  
  38  4:32  Refinery  
  38  4:33  Marine  
  38  4:34  SCV  
  40  4:42  Marine  
  40  4:44  Concussive Shells  
  41  4:46  Combat Shields  
  41  4:48  Marine x2, SCV x2  
  41  4:51  Marine  
  46  5:15  Refinery  
  46  5:20  Barracks, SCV x2, Marauder x2, Marine x2  
  54  5:22  Barracks  
  54  5:23  Barracks  
  54  5:27  Factory  
  54  5:32  SCV x2  
  56  5:39  Orbital Command  
  56  5:42  Marauder  
  58  5:44  SCV x2  
  58  5:46  Terran Infantry Weapons Level 1  
  58  5:47  Marine  
  61  6:08  Supply Depot  
  61  6:09  Supply Depot  
  61  6:10  Supply Depot  
  61  6:22  Starport  
  61  6:23  Factory Reactor  
  61  6:28  SCV  
  61  6:29  SCV, Marine x5  
  61  6:30  SCV  
  68  6:34  Supply Depot  
  68  6:41  Bunker, Barracks Tech Lab  
  68  6:42  Barracks Tech Lab, SCV  
  68  6:43  Bunker  
  68  6:46  Bunker  
  68  6:48  Marauder x2  
  68  6:50  Supply Depot, Marine x3  
  74  6:58  Bunker, SCV x2  
  75  7:03  Marauder x2  
  75  7:07  Marine  
  78  7:13  Supply Depot  
  78  7:14  SCV x3  
  81  7:16  Factory Reactor  
  81  7:20  Marauder x2  
  85  7:24  Marauder  
  85  7:25  Marauder, Marine  
  85  7:26  SCV  
  78  7:41  Marauder x2, Marine  
  78  7:42  SCV, Marine  
  76  7:46  Marauder x2  
  71  7:56  SCV x3  
  72  8:03  Marauder x2  
  72  8:04  Bunker  
  76  8:07  Marauder x2  
  76  8:08  Refinery, Terran Infantry Armor Level 1, SCV  
  81  8:16  Marine x3  
  84  8:20  SCV x2  
  84  8:24  Marauder x2  
  90  8:28  Supply Depot  
  90  8:29  Marauder x2  
  90  8:33  Medivac  
  100  8:34  Marine x3  
  100  8:35  Medivac  
  100  8:37  Widow Mine  
  100  8:41  Refinery x2  
  103  8:45  Reaper, Marauder  
  106  8:50  Marauder x2  
  106  8:52  Supply Depot, Marine x3  
  106  8:55  Supply Depot  
  113  8:57  Supply Depot  
  113  8:59  SCV x2  
  113  9:00  SCV  
  116  9:05  Armory  
  116  9:08  Engineering Bay  
  116  9:09  Missile Turret  
  116  9:12  SCV  
  116  9:13  SCV x2  
  116  9:14  Marauder  
  117  9:18  Command Center  
  117  9:19  Supply Depot  
  117  9:20  Supply Depot  
  117  9:24  SCV  
  117  9:33  Marine x4  
  94  9:42  Supply Depot, Marauder x2  
  94  9:43  Marauder  
  94  9:47  SCV x2  
  94  9:50  Marine  
  94  9:51  Marauder, Marine x2  
Show
View Real Time Build Order
Export as new Build Order

azelub Protoss - Winner!

Build Orders: Double Forge, Nexus First 

Get SALT Encoding   

  12  0:01  Probe (Chrono Boost)  
  13  0:12  Probe (Chrono Boost)  
  14  0:21  Pylon  
  14  0:24  Probe (Chrono Boost)  
  15  0:39  Probe (Chrono Boost)  
  17  0:50  Probe (Chrono Boost)  
  17  0:58  Nexus  
  17  1:02  Probe (Chrono Boost)  
  18  1:13  Probe (Chrono Boost)  
  19  1:19  Gateway  
  19  1:20  Assimilator  
  19  1:24  Probe (Chrono Boost)  
  20  1:35  Pylon, Probe (Chrono Boost)  
  21  1:43  Pylon  
  21  1:45  Probe (Chrono Boost)  
  22  1:56  Probe (Chrono Boost)  
  23  2:06  Probe (Chrono Boost)  
  24  2:16  Cybernetics Core  
  24  2:17  Probe (Chrono Boost)  
  25  2:27  Probe (Chrono Boost)  
  25  2:28  Nexus  
  26  2:32  Probe (Chrono Boost)  
  27  2:38  Probe (Chrono Boost)  
  27  2:42  Probe (Chrono Boost)  
  28  2:48  Assimilator  
  28  2:51  Gateway  
  28  2:53  Warp Gate  
  28  2:56  Mothership Core (Chrono Boost)  
  30  3:03  Pylon  
  30  3:04  Probe (Chrono Boost)  
  31  3:12  Pylon  
  31  3:15  Probe (Chrono Boost)  
  34  3:21  Adept  
  34  3:27  Gateway  
  34  3:31  Probe x2 (Chrono Boost)  
  36  3:37  Twilight Council  
  36  3:42  Forge  
  36  3:43  Probe (Chrono Boost)  
  36  3:45  Probe (Chrono Boost)  
  36  3:47  Probe (Chrono Boost)  
  39  3:55  Forge  
  39  3:57  Probe x2 (Chrono Boost)  
  39  4:00  Probe (Chrono Boost)  
  42  4:07  Probe (Chrono Boost)  
  42  4:08  Probe (Chrono Boost)  
  44  4:11  Probe (Chrono Boost)  
  45  4:18  Probe x2 (Chrono Boost)  
  45  4:21  Probe (Chrono Boost)  
  48  4:27  Adept x3  
  54  4:35  Probe x3 (Chrono Boost)  
  57  4:44  Gateway  
  57  4:45  Charge, Gateway  
  57  4:47  Pylon  
  57  4:50  Probe x3 (Chrono Boost)  
  57  4:52  Protoss Ground Weapons Level 1 (Chrono Boost)  
  60  4:54  Protoss Ground Armor Level 1 (Chrono Boost)  
  60  5:06  Probe x3 (Chrono Boost)  
  63  5:17  Assimilator  
  63  5:20  Probe x3 (Chrono Boost)  
  66  5:21  Assimilator  
  66  5:24  Photon Cannon  
  66  5:25  Photon Cannon  
  66  5:29  Photon Cannon  
  66  5:30  Pylon  
  66  5:31  Probe (Chrono Boost)  
  66  5:35  Assimilator  
  67  5:38  Zealot x3  
  67  5:39  Assimilator  
  67  5:41  Pylon  
  73  5:56  Robotics Facility x2  
  73  6:02  Templar Archives  
  73  6:03  Gateway  
  73  6:04  Gateway  
  73  6:06  Pylon  
  73  6:11  Zealot  
  73  6:12  Zealot x3  
  73  6:13  Pylon, Probe x2  
  73  6:14  Probe  
  84  6:20  Zealot  
  86  6:32  Zealot  
  86  6:33  Zealot x2  
  86  6:34  Zealot  
  86  6:35  Probe  
  86  6:36  Probe x2  
  86  6:39  Psionic Storm  
  97  6:45  Protoss Ground Weapons Level 2 (Chrono Boost)  
  97  6:48  Probe x3  
  97  6:52  Protoss Ground Armor Level 2 (Chrono Boost)  
  100  7:12  Immortal  
  100  7:13  Immortal  
  100  7:15  High Templar x2  
  112  7:18  High Templar  
  112  7:22  Nexus  
  114  7:23  Pylon  
  84  7:54  Immortal x2  
  88  8:00  Zealot x3  
  88  8:01  Zealot x3  
  88  8:02  Zealot  
  102  8:16  Photon Cannon  
  102  8:17  Photon Cannon  
  102  8:21  Photon Cannon  
  102  8:24  Pylon  
  102  8:27  Pylon  
  102  8:31  Pylon  
  102  8:33  Observer, Warp Prism  
  105  8:35  High Templar x2, Gateway  
  105  8:36  High Templar x4  
  105  8:37  Gateway  
  105  8:39  Archon, Gateway  
  105  8:40  Archon x2  
  117  8:41  High Templar, Assimilator  
  117  8:47  Mothership Core, Assimilator  
  121  8:49  Pylon  
  121  8:52  Pylon  
  119  9:40  Zealot x3  
  119  9:41  Zealot  
  119  9:42  Zealot x5  
  119  9:43  Zealot  
  129  10:02  Zealot  
  129  10:03  Zealot x3  
  129  10:04  Zealot x4  
Tags
 
Add a new tag
Caveats
  • Supply blocks, unpowered buildings, or Contaminate may cause inaccurate times.
  • Supply counts are checked every 10 seconds.